General information
- name: BNet
- type: Ladder team game (AT/RT)
- host: Battle.net
- saver: MAN-OF-THEMOON
map: Cherryville
- players: 8
- length: 50:40
- speed: Fast
- version: 1.26 W3XP
- replay type: Public
» download(275 KB)
Players
team 1 (winner)
BECKUP (
blue | 30 APM | 1529 actions | 50:40)
3 Blademaster
1 Wind Walk
2 Critical Strike
3 Shadow Hunter
1 Hex
2 Healing Wave
2 Tauren Chieftain
1 Endurance Aura
1 War Stomp
» actions
| Assign group hotkey | 41 | |
| Build / train | 64 | |
| Enter build submenu | 19 | |
| Enter hero's abilities submenu | 8 | |
| Give item / drop item | 5 | |
| Remove unit from queue | 9 | |
| Right click | 352 | |
| Select / deselect | 706 | |
| Select group hotkey | 265 | |
| Use ability | 59 | |
1529 total
» units
| Peon | 12 | |
| Grunt | 5 | |
| Troll Witch Doctor | 10 | |
| Tauren | 4 | |
31 total
» upgrades
| Witch Doctor Training | 2 | |
| Armor | 2 | |
| Melee Weapons | 2 | |
| Pulverize | 1 | |
7 total
» buildings
| Altar of Storms | 1 | |
| Orc Burrow | 9 | |
| Voodoo Lounge | 1 | |
| Barracks | 1 | |
| Stronghold | 1 | |
| Great Hall | 2 | |
| War Mill | 1 | |
| Spirit Lodge | 1 | |
| Fortress | 1 | |
| Tauren Totem | 2 | |
20 total
» build order
00:17 Altar of Storms
00:21 Orc Burrow
00:54 Voodoo Lounge
01:29 Barracks
02:33 Orc Burrow
03:33 Stronghold
04:04 Great Hall
04:08 Great Hall
04:17 Orc Burrow
04:49 War Mill
06:05 Spirit Lodge
07:15 Fortress
07:38 Orc Burrow
08:48 Orc Burrow
09:53 Tauren Totem
09:57 Tauren Totem
11:40 Orc Burrow
16:17 Orc Burrow
16:18 Orc Burrow
17:21 Orc Burrow
» items
| Lesser Clarity Potion | 1 | |
| Healing Salve | 3 | |
| Potion of Healing | 1 | |
| Orb of Lightning | 2 | |
| Scroll of Town Portal | 2 | |
| Tiny Great Hall | 1 | |
10 total
MAN-OF-THEMOON (
green | 66 APM | 3337 actions | 50:40)
9 Mountain King
3 Storm Bolt
3 Bash
1 Avatar
2 Thunder Clap
» actions
| Assign group hotkey | 85 | |
| Basic commands | 8 | |
| Build / train | 98 | |
| Enter build submenu | 33 | |
| Enter hero's abilities submenu | 10 | |
| Give item / drop item | 1 | |
| Right click | 1510 | |
| Select / deselect | 369 | |
| Select group hotkey | 1051 | |
| Use ability | 172 | |
3337 total
» units
| Peasant | 14 | |
| Footman | 3 | |
| Goblin Shredder | 1 | |
| Goblin Zeppelin | 1 | |
| Gryphon Rider | 5 | |
| Dragonhawk Rider | 7 | |
31 total
» upgrades
| Masonry | 3 | |
| Swords | 2 | |
| Armor | 2 | |
| Animal War Training | 1 | |
| Storm Hammers | 1 | |
| Cloud | 1 | |
10 total
» buildings
| Altar of Kings | 2 | |
| Barracks | 1 | |
| Farm | 11 | |
| Scout Tower | 43 | |
| Lumber Mill | 2 | |
| Arcane Tower | 1 | |
| Town Hall | 2 | |
| Guard Tower | 18 | |
| Keep | 2 | |
| Blacksmith | 1 | |
| Arcane Vault | 1 | |
| Castle | 2 | |
| Gryphon Aviary | 4 | |
90 total
» build order
00:08 Altar of Kings
00:21 Barracks
00:37 Farm
00:51 Farm
01:29 Scout Tower
01:37 Farm
02:07 Lumber Mill
02:10 Arcane Tower
02:42 Farm
04:06 Town Hall
04:09 Scout Tower
04:09 Scout Tower
04:31 Scout Tower
04:44 Guard Tower
05:22 Guard Tower
05:28 Scout Tower
05:29 Scout Tower
05:29 Scout Tower
05:29 Scout Tower
05:30 Scout Tower
05:31 Scout Tower
05:31 Scout Tower
06:02 Guard Tower
06:02 Guard Tower
06:27 Guard Tower
06:48 Scout Tower
06:49 Scout Tower
06:49 Scout Tower
06:54 Guard Tower
07:20 Keep
07:22 Guard Tower
07:45 Guard Tower
07:50 Scout Tower
07:51 Scout Tower
07:52 Scout Tower
07:52 Scout Tower
07:52 Scout Tower
08:17 Blacksmith
08:20 Guard Tower
08:27 Arcane Vault
08:36 Farm
08:38 Farm
08:38 Farm
08:39 Farm
09:03 Scout Tower
09:04 Scout Tower
09:04 Scout Tower
09:05 Scout Tower
09:10 Guard Tower
09:42 Castle
09:42 Castle
09:59 Gryphon Aviary
10:03 Gryphon Aviary
10:26 Lumber Mill
10:47 Guard Tower
11:21 Farm
11:27 Gryphon Aviary
12:59 Gryphon Aviary
13:03 Farm
13:04 Farm
15:30 Scout Tower
15:31 Scout Tower
15:31 Scout Tower
15:32 Scout Tower
15:32 Scout Tower
15:33 Scout Tower
15:33 Scout Tower
15:34 Scout Tower
15:34 Scout Tower
15:34 Scout Tower
15:35 Scout Tower
16:40 Guard Tower
16:41 Guard Tower
17:27 Guard Tower
21:21 Town Hall
24:03 Scout Tower
24:03 Scout Tower
24:04 Scout Tower
24:04 Scout Tower
24:05 Scout Tower
24:39 Guard Tower
24:39 Guard Tower
24:43 Scout Tower
24:44 Scout Tower
24:44 Scout Tower
24:45 Scout Tower
25:27 Guard Tower
25:28 Guard Tower
28:25 Keep
50:00 Altar of Kings
» items
| Scroll of Town Portal | 6 | |
| Scroll of Regeneration | 4 | |
| Orb of Fire | 1 | |
| Scroll of Healing | 1 | |
| Potion of Lesser Invulnerability | 1 | |
| Potion of Healing | 2 | |
| Potion of Mana | 2 | |
| Lesser Clarity Potion | 1 | |
| Boots of Speed | 1 | |
| Staff of Teleportation | 1 | |
| Potion of Invisibility | 1 | |
21 total

»
toncolon (
orange | 41 APM | 2100 actions | 50:40)
5 Dark Ranger
2 Black Arrow
3 Life Drain
5 Firelord
3 Summon Lava Spawn
2 Soul Burn
» actions
| Assign group hotkey | 62 | |
| Basic commands | 4 | |
| Build / train | 85 | |
| ESC pressed | 13 | |
| Enter build submenu | 20 | |
| Enter hero's abilities submenu | 10 | |
| Give item / drop item | 2 | |
| Remove unit from queue | 1 | |
| Right click | 761 | |
| Select / deselect | 602 | |
| Select group hotkey | 445 | |
| Use ability | 93 | |
2100 total
» units
| Acolyte | 10 | |
| Ghoul | 10 | |
| Necromancer | 14 | |
| Abomination | 8 | |
| Crypt Fiend | 6 | |
48 total
» upgrades
| Unholy Strength | 2 | |
| Unholy Armor | 2 | |
| Skeletal Mastery | 1 | |
| Disease Cloud | 1 | |
| Skeletal Longevity | 1 | |
| Necromancer Training | 1 | |
| Web | 1 | |
| Creature Attack | 1 | |
| Creature Carapace | 1 | |
11 total
» buildings
| Ziggurat | 12 | |
| Crypt | 1 | |
| Graveyard | 1 | |
| Altar of Darkness | 1 | |
| Nerubian Tower | 1 | |
| Tomb of Relics | 1 | |
| Halls of the Dead | 1 | |
| Spirit Tower | 4 | |
| Temple of the Damned | 1 | |
| Black Citadel | 1 | |
| Slaughterhouse | 3 | |
27 total
» build order
00:11 Ziggurat
00:15 Crypt
00:42 Graveyard
01:00 Altar of Darkness
01:15 Nerubian Tower
02:09 Ziggurat
02:45 Tomb of Relics
03:20 Halls of the Dead
03:41 Ziggurat
03:43 Ziggurat
05:20 Spirit Tower
06:04 Temple of the Damned
08:00 Black Citadel
09:20 Ziggurat
09:21 Ziggurat
09:22 Ziggurat
09:24 Ziggurat
10:25 Spirit Tower
11:25 Slaughterhouse
11:28 Slaughterhouse
12:28 Slaughterhouse
13:29 Ziggurat
13:30 Ziggurat
13:31 Ziggurat
17:30 Spirit Tower
26:46 Ziggurat
27:44 Spirit Tower
» items
| Dust of Appearance | 1 | |
| Scroll of Protection | 1 | |
| Scroll of Healing | 1 | |
| Orb of Corruption | 1 | |
| Scroll of Town Portal | 2 | |
| Orb of Fire | 1 | |
7 total

»
Angelletti (
yellow | 26 APM | 722 actions | 27:46)
5 Priestess of the Moon
3 Trueshot Aura
2 Searing Arrows
1 Keeper of the Grove
1 Thorns Aura
» actions
| Build / train | 88 | |
| Enter build submenu | 19 | |
| Enter hero's abilities submenu | 6 | |
| Give item / drop item | 1 | |
| Right click | 330 | |
| Select / deselect | 237 | |
| Use ability | 41 | |
722 total
» units
| Wisp | 21 | |
| Hippogryph | 12 | |
| Chimaera | 19 | |
| Druid of the Talon | 12 | |
64 total
» upgrades
| Ultravision | 1 | |
| Strength of the Wild | 3 | |
| Reinforced Hides | 3 | |
| Druid of the Talon Training | 2 | |
| Mark of the Talon | 1 | |
| Corrosive Breath | 1 | |
11 total
» buildings
| Altar of Elders | 1 | |
| Moon Well | 8 | |
| Ancient of Wonders | 1 | |
| Hunter's Hall | 1 | |
| Ancient Protector | 4 | |
| Tree of Ages | 1 | |
| Ancient of Wind | 1 | |
| Tree of Eternity | 1 | |
| Chimaera Roost | 2 | |
| Tree of Life | 1 | |
21 total
» build order
00:29 Altar of Elders
00:40 Moon Well
01:41 Ancient of Wonders
01:51 Hunter's Hall
01:59 Moon Well
02:56 Ancient Protector
03:01 Ancient Protector
03:13 Ancient Protector
04:18 Tree of Ages
06:00 Moon Well
06:45 Ancient of Wind
07:02 Moon Well
07:23 Tree of Eternity
07:47 Moon Well
09:11 Ancient Protector
09:49 Chimaera Roost
09:53 Chimaera Roost
10:04 Moon Well
13:59 Tree of Life
19:25 Moon Well
22:20 Moon Well
» items
| Orb of Venom | 1 | |
| Scroll of Town Portal | 1 | |
| Orb of Fire | 1 | |
3 total
team 2 (loser)

»
Spirit.Of.HeLL (
pink | 55 APM | 2011 actions | 36:24)
5 Tauren Chieftain
2 War Stomp
3 Endurance Aura
3 Shadow Hunter
1 Hex
2 Healing Wave
2 Far Seer
1 Chain Lighting
1 Far Sight
» actions
| Assign group hotkey | 34 | |
| Build / train | 90 | |
| Enter build submenu | 15 | |
| Enter hero's abilities submenu | 10 | |
| Give item / drop item | 17 | |
| Remove unit from queue | 1 | |
| Right click | 693 | |
| Select / deselect | 352 | |
| Select group hotkey | 654 | |
| Use ability | 145 | |
2011 total
» units
| Peon | 15 | |
| Troll Headhunter/Berserker | 15 | |
| Shaman | 4 | |
| Troll Witch Doctor | 3 | |
37 total
» upgrades
| Pillage | 1 | |
| Ranged Weapons | 3 | |
| Armor | 3 | |
| Spiked Barricades | 3 | |
| Troll Regeneration | 1 | |
| Shaman Training | 2 | |
| Witch Doctor Training | 2 | |
| Berserker Upgrade | 1 | |
| Reinforced Defenses | 1 | |
17 total
» buildings
| Orc Burrow | 5 | |
| Altar of Storms | 1 | |
| Barracks | 2 | |
| War Mill | 1 | |
| Voodoo Lounge | 1 | |
| Stronghold | 1 | |
| Great Hall | 3 | |
| Fortress | 1 | |
| Spirit Lodge | 2 | |
17 total
» build order
00:08 Orc Burrow
00:18 Altar of Storms
00:47 Barracks
01:32 Orc Burrow
01:41 War Mill
02:00 Barracks
02:14 Voodoo Lounge
02:42 Orc Burrow
05:12 Stronghold
05:51 Orc Burrow
07:15 Great Hall
08:15 Fortress
08:38 Spirit Lodge
08:38 Spirit Lodge
13:57 Orc Burrow
18:19 Great Hall
27:29 Great Hall
» items
| Lesser Clarity Potion | 2 | |
| Scroll of Speed | 3 | |
| Scroll of Regeneration | 1 | |
| Potion of Healing | 5 | |
| Orb of Lightning | 1 | |
| Scroll of Town Portal | 3 | |
| Potion of Lesser Invulnerability | 4 | |
| Healing Salve | 1 | |
20 total
Krank (
purple | 57 APM | 2868 actions | 50:40)
10 Archmage
3 Summon Water Elemental
3 Brilliance Aura
1 Mass Teleport
3 Blizzard
» actions
| Assign group hotkey | 80 | |
| Basic commands | 96 | |
| Build / train | 129 | |
| Enter build submenu | 67 | |
| Enter hero's abilities submenu | 11 | |
| Give item / drop item | 8 | |
| Remove unit from queue | 1 | |
| Right click | 1073 | |
| Select / deselect | 481 | |
| Select group hotkey | 652 | |
| Use ability | 270 | |
2868 total
» units
| Peasant | 17 | |
| Footman | 3 | |
| Goblin Shredder | 1 | |
| Gryphon Rider | 16 | |
| Goblin Sapper | 8 | |
| Dragonhawk Rider | 5 | |
50 total
» upgrades
| Swords | 3 | |
| Armor | 3 | |
| Animal War Training | 1 | |
| Storm Hammers | 1 | |
| Cloud | 1 | |
| Masonry | 3 | |
12 total
» buildings
| Altar of Kings | 1 | |
| Barracks | 1 | |
| Farm | 7 | |
| Arcane Vault | 5 | |
| Lumber Mill | 1 | |
| Keep | 1 | |
| Town Hall | 4 | |
| Scout Tower | 59 | |
| Castle | 1 | |
| Guard Tower | 16 | |
| Gryphon Aviary | 4 | |
| Blacksmith | 3 | |
103 total
» build order
00:40 Altar of Kings
00:42 Barracks
00:51 Farm
00:52 Farm
01:06 Farm
01:38 Farm
02:50 Arcane Vault
02:56 Arcane Vault
03:09 Lumber Mill
03:53 Keep
04:13 Town Hall
06:07 Scout Tower
06:07 Scout Tower
06:07 Scout Tower
06:08 Scout Tower
06:08 Scout Tower
06:09 Scout Tower
06:09 Scout Tower
06:17 Scout Tower
07:07 Castle
07:23 Guard Tower
07:40 Guard Tower
08:15 Gryphon Aviary
08:18 Gryphon Aviary
08:41 Gryphon Aviary
08:43 Gryphon Aviary
08:47 Blacksmith
08:52 Blacksmith
08:58 Blacksmith
10:22 Farm
16:51 Scout Tower
16:52 Scout Tower
16:52 Scout Tower
16:52 Scout Tower
16:53 Scout Tower
17:25 Guard Tower
17:27 Scout Tower
17:29 Town Hall
17:31 Scout Tower
17:32 Scout Tower
17:35 Scout Tower
17:35 Scout Tower
17:35 Scout Tower
17:36 Scout Tower
17:37 Scout Tower
17:55 Scout Tower
17:55 Scout Tower
17:56 Scout Tower
17:57 Scout Tower
17:58 Scout Tower
17:58 Scout Tower
18:00 Scout Tower
18:00 Scout Tower
18:02 Scout Tower
18:03 Scout Tower
18:04 Scout Tower
18:05 Scout Tower
18:19 Guard Tower
18:39 Arcane Vault
19:22 Guard Tower
19:58 Guard Tower
20:30 Guard Tower
20:35 Guard Tower
22:25 Town Hall
22:28 Guard Tower
22:30 Guard Tower
22:35 Scout Tower
22:35 Scout Tower
22:35 Scout Tower
22:36 Scout Tower
22:37 Scout Tower
22:37 Scout Tower
22:38 Scout Tower
22:39 Scout Tower
22:46 Arcane Vault
23:11 Guard Tower
24:07 Guard Tower
31:31 Town Hall
31:34 Scout Tower
31:34 Scout Tower
31:34 Scout Tower
31:35 Scout Tower
31:36 Scout Tower
31:36 Scout Tower
31:37 Scout Tower
31:37 Scout Tower
31:41 Arcane Vault
32:05 Guard Tower
32:24 Scout Tower
32:25 Scout Tower
32:26 Scout Tower
32:26 Scout Tower
32:29 Scout Tower
32:31 Scout Tower
32:37 Scout Tower
32:37 Scout Tower
32:38 Scout Tower
32:40 Scout Tower
32:55 Guard Tower
35:50 Guard Tower
37:41 Guard Tower
39:11 Farm
39:40 Farm
» items
| Scroll of Regeneration | 9 | |
| Mechanical Critter | 4 | |
| Potion of Healing | 9 | |
| Periapt of Vitality | 2 | |
| Scroll of Town Portal | 4 | |
| Staff of Sanctuary | 1 | |
| Lesser Clarity Potion | 1 | |
| Staff of Teleportation | 1 | |
| Scroll of Healing | 1 | |
| Potion of Lesser Invulnerability | 2 | |
| Scroll of Speed | 2 | |
36 total
Baupost (
red | 40 APM | 1412 actions | 35:11)
5 Far Seer
2 Feral Spirit
3 Chain Lighting
4 Tauren Chieftain
2 Shockwave
2 Endurance Aura
3 Pandaren Brewmaster
2 Breath of Fire
1 Drunken Brawler
» actions
| Assign group hotkey | 42 | |
| Basic commands | 27 | |
| Build / train | 74 | |
| ESC pressed | 15 | |
| Enter build submenu | 24 | |
| Enter hero's abilities submenu | 13 | |
| Give item / drop item | 1 | |
| Remove unit from queue | 3 | |
| Right click | 527 | |
| Select / deselect | 264 | |
| Select group hotkey | 324 | |
| Use ability | 98 | |
1412 total
» units
| Peon | 9 | |
| Grunt | 1 | |
| Shaman | 4 | |
| Troll Witch Doctor | 2 | |
| Troll Batrider | 19 | |
35 total
» upgrades
| Shaman Training | 2 | |
| Witch Doctor Training | 2 | |
4 total
» buildings
| Altar of Storms | 1 | |
| Orc Burrow | 15 | |
| Barracks | 1 | |
| Voodoo Lounge | 1 | |
| Stronghold | 2 | |
| War Mill | 1 | |
| Spirit Lodge | 2 | |
| Fortress | 1 | |
| Beastiary | 2 | |
| Watch Tower | 3 | |
29 total
» build order
00:22 Altar of Storms
00:38 Orc Burrow
01:07 Barracks
01:48 Voodoo Lounge
02:45 Stronghold
02:45 Stronghold
02:49 War Mill
04:25 Orc Burrow
05:27 Spirit Lodge
05:31 Fortress
06:49 Orc Burrow
08:12 Spirit Lodge
10:37 Orc Burrow
14:38 Orc Burrow
16:26 Orc Burrow
16:29 Orc Burrow
17:31 Orc Burrow
17:32 Orc Burrow
17:35 Orc Burrow
17:40 Beastiary
18:24 Orc Burrow
19:01 Orc Burrow
19:24 Orc Burrow
19:25 Orc Burrow
19:25 Orc Burrow
22:25 Beastiary
23:37 Watch Tower
23:38 Watch Tower
23:40 Watch Tower
» items
| Healing Salve | 2 | |
| Lesser Clarity Potion | 2 | |
| Potion of Healing | 3 | |
| Orb of Lightning | 1 | |
| Potion of Mana | 2 | |
| Potion of Lesser Invulnerability | 1 | |
| Scroll of Town Portal | 1 | |
12 total

»
Pucca_garu (
teal | 53 APM | 1944 actions | 36:41)
7 Death Knight
3 Death Coil
3 Unholy Aura
1 Animate Dead
6 Dark Ranger
3 Silence
2 Black Arrow
1 Charm
» actions
| Assign group hotkey | 37 | |
| Basic commands | 310 | |
| Build / train | 110 | |
| ESC pressed | 1 | |
| Enter build submenu | 23 | |
| Enter hero's abilities submenu | 14 | |
| Give item / drop item | 8 | |
| Right click | 234 | |
| Select / deselect | 376 | |
| Select group hotkey | 700 | |
| Use ability | 131 | |
1944 total
» units
| Acolyte | 8 | |
| Ghoul | 7 | |
| Crypt Fiend | 13 | |
| Obsidian Statue | 4 | |
| Necromancer | 5 | |
| Abomination | 2 | |
39 total
» upgrades
| Web | 1 | |
| Burrow | 2 | |
| Cannibalize | 1 | |
| Necromancer Training | 2 | |
| Skeletal Longevity | 2 | |
| Creature Attack | 3 | |
| Unholy Strength | 3 | |
| Destroyer Form | 1 | |
| Disease Cloud | 2 | |
| Creature Carapace | 1 | |
| Unholy Armor | 1 | |
19 total
» buildings
| Ziggurat | 9 | |
| Altar of Darkness | 1 | |
| Crypt | 1 | |
| Tomb of Relics | 1 | |
| Graveyard | 1 | |
| Halls of the Dead | 1 | |
| Nerubian Tower | 1 | |
| Temple of the Damned | 1 | |
| Slaughterhouse | 2 | |
| Spirit Tower | 2 | |
| Black Citadel | 4 | |
| Sacrificial Pit | 1 | |
| Necropolis | 2 | |
27 total
» build order
00:27 Ziggurat
00:53 Altar of Darkness
00:55 Crypt
00:57 Tomb of Relics
01:19 Ziggurat
01:32 Graveyard
02:55 Ziggurat
05:06 Halls of the Dead
06:33 Ziggurat
06:37 Nerubian Tower
06:42 Ziggurat
06:50 Ziggurat
08:35 Ziggurat
08:38 Ziggurat
09:25 Temple of the Damned
09:28 Slaughterhouse
09:29 Slaughterhouse
09:32 Spirit Tower
09:32 Spirit Tower
10:39 Black Citadel
10:39 Black Citadel
10:39 Black Citadel
10:40 Black Citadel
11:26 Ziggurat
11:50 Sacrificial Pit
23:08 Necropolis
23:37 Necropolis
» items
| Rod of Necromancy | 1 | |
| Healing Salve | 3 | |
| Lesser Clarity Potion | 3 | |
| Scroll of Town Portal | 2 | |
| Circlet of Nobility | 1 | |
| Orb of Lightning | 1 | |
11 total
Chat log
(00:13 / Allies) BECKUP: grunt doc tauren
(00:18 / Allies) MAN-OF-THEMOON: aa
(00:26 / Allies) BECKUP: oj help me fast expo?
(00:31 / Allies) BECKUP: like as soon as u get hero
(00:46 / Allies) MAN-OF-THEMOON: yellow help me fast expo plz?
(02:29 / Allies) BECKUP: oj help?
(02:34 / Allies) toncolon: omw
(03:03 / Allies) BECKUP: fiends?
(03:47 / Allies) BECKUP: ty bro
(03:50 / Allies) toncolon: np
(04:23 / Allies) MAN-OF-THEMOON: wood plz
(05:41 / Allies) toncolon: help me there blue
(05:42 / Allies) BECKUP: k ill help u
(05:57 / Allies) BECKUP: u kinda dont have units lol
(06:20 / Allies) BECKUP: plz dont say necros
(09:08 / Allies) BECKUP: ?
(09:16 / Allies) MAN-OF-THEMOON: u may need to tp
(10:28 / Allies) BECKUP: all hit bottom?
(10:34 / Allies) MAN-OF-THEMOON: hit top
(10:39 / Allies) BECKUP: k
(10:42 / Allies) toncolon: wood pls
(11:15 / All) Pucca_garu: lol
(11:49 / Allies) MAN-OF-THEMOON: meet
(11:49 / Allies) BECKUP: wood?
(11:55 / Allies) Angelletti: gold?
(12:33 / Allies) Angelletti: gree?
(12:36 / Allies) Angelletti: gold?
(12:52 / Allies) BECKUP: lol green
(12:55 / Allies) BECKUP: stop towerin
(12:58 / Allies) BECKUP: they wont hit ur base
(13:10 / Allies) BECKUP: as game
(13:11 / Allies) BECKUP: let me
(13:28 / All) MAN-OF-THEMOON: leave him alone jerk
(13:35 / Allies) MAN-OF-THEMOON: yellow lets hit top
(13:37 / Allies) BECKUP: my expo gona go
(13:38 / Allies) BECKUP: =/
(13:58 / Allies) BECKUP: all tp?
(13:59 / Allies) BECKUP: plz
(14:01 / Allies) BECKUP: we can do it
(14:03 / Allies) BECKUP: i got wards
(14:05 / Allies) BECKUP: lets go:?
(14:06 / Allies) BECKUP: plz
(14:14 / Allies) BECKUP: plz?
(14:18 / Allies) BECKUP: some1 tp wi thme?
(14:39 / Allies) MAN-OF-THEMOON: yellow come to me
(15:47 / Allies) toncolon: green come
(16:22 / Allies) BECKUP: 2 late tp
(17:37 / Allies) Angelletti: gold for chims?
(17:39 / Allies) toncolon: go
(17:45 / Allies) BECKUP: i got raped
(17:47 / Allies) BECKUP: 2 late tp
(17:49 / Allies) BECKUP: u guys go
(17:58 / Allies) Angelletti: green
(18:15 / Allies) MAN-OF-THEMOON: hit top
(18:16 / Allies) MAN-OF-THEMOON: is ay
(18:22 / Allies) Angelletti: gold
(19:39 / Allies) MAN-OF-THEMOON: repair
(19:40 / Allies) MAN-OF-THEMOON: hall
(19:43 / Allies) BECKUP: PLZ STOP ASUCKIN
(19:43 / Allies) MAN-OF-THEMOON: hall pink first
(20:14 / All) Baupost: WTF
(20:27 / Allies) BECKUP: STOP FIUCKING SUCKING NOOBS
(20:56 / Allies) BECKUP: U GUYS LOST 1X4???????????//
(21:03 / Allies) BECKUP: 1X3
(21:30 / All) BECKUP: LOL PINK
(21:30 / Allies) toncolon: main
(21:35 / All) BECKUP: RAPE THESE NOOBS 1X3
(21:46 / Allies) toncolon: TP
(21:52 / Allies) BECKUP: LOL HES 4K GOLD
(22:32 / Allies) BECKUP: LOL
(22:36 / Allies) BECKUP: HES NO TP???
(22:40 / Allies) BECKUP: RUGE NOOB
(22:53 / Allies) BECKUP: GREEN IS 5K LOL
(22:58 / Allies) toncolon: GOLD ME GREEN
(23:12 / Allies) toncolon: sorry caps
(23:22 / Allies) BECKUP: HES 5K
(23:28 / Allies) BECKUP: SAVING FOR NEXT GAME
(23:29 / Allies) BECKUP: XD
(24:08 / Allies) BECKUP: HIPPOS
(24:14 / Allies) BECKUP: 2 AVIARY MASS HIPPOS
(24:17 / Allies) BECKUP: YELLOW
(25:43 / Allies) BECKUP: MAX UR MK WHEN U TP
(26:12 / Allies) BECKUP: TP GREEN
(26:23 / Allies) BECKUP: GREEN WAKE UP
(26:36 / Allies) BECKUP: LOLOLOL
(27:01 / Allies) BECKUP: GREEN HAS AUSTISM
(27:33 / Allies) toncolon: gold green pls?
(27:38 / Allies) BECKUP: LOL
(27:47 / Allies) BECKUP: HES SAVING FOR NEXT GAME, FORGET ABOUT IT
(27:49 / All) Baupost: GG
(28:32 / All) Krank: too funny
(28:48 / All) BECKUP: GREEN IS 6K LOL
(29:09 / All) Baupost: PUrp has 10k
(29:23 / All) Baupost: 15k my bad
(29:37 / Allies) MAN-OF-THEMOON: tp to my base if they hit oj
(29:46 / Allies) BECKUP: LOL
(30:13 / Allies) BECKUP: LOL HE TPED
(30:16 / Allies) BECKUP: BUT TO OTHER BASE
(30:20 / Allies) BECKUP: LOLOLOLOLOLOLOLOL
(30:27 / All) MAN-OF-THEMOON: lol
(30:29 / Allies) BECKUP: WHOS THE NOOBEST CONTEST
(31:22 / Allies) BECKUP: NOW OJ SIT LOL
(31:30 / All) Baupost: wow
(31:31 / Allies) toncolon: comingg
(32:00 / Allies) BECKUP: MASTERIZE MK WHEN TP PLZ
(32:34 / Allies) MAN-OF-THEMOON: get to me oj i need u to tank
(32:44 / All) Baupost: nice hacks LOL
(34:03 / Allies) MAN-OF-THEMOON: 1
(34:07 / All) Baupost: fucking faggot
(34:28 / Allies) toncolon: behinddd haha
(34:42 / Allies) BECKUP: DK
(34:51 / Allies) BECKUP: LKOLOLOLOLOLOLOL
(35:37 / Allies) BECKUP: MASTERIZE MK LOLOL
(36:00 / Allies) BECKUP: FIUENDS WALK WITH HIM
(36:24 / Allies) BECKUP: MORE BIRDS?
(36:33 / Allies) BECKUP: LOLOLOLOLOLOLOLOLOLOLOLOLOLOOLOLLOLO
(36:37 / Allies) BECKUP: LOLOLOLOLOLOL
(36:44 / Allies) BECKUP: LOLOLOLL
(36:56 / All) Krank: Tough break, orange
(37:01 / All) toncolon: xD
(37:06 / All) BECKUP: XDDDDDD
(37:10 / All) Krank: and blue
(37:43 / Allies) BECKUP: LOL
(37:46 / Allies) BECKUP: PURPLE GONA WIN
(37:48 / Allies) MAN-OF-THEMOON: i cant believe
(37:48 / Allies) BECKUP: XDDDDDDDDDDDDDDDDDDDDDDDDDDDDDD
(37:49 / Allies) MAN-OF-THEMOON: we won
(37:55 / Allies) BECKUP: WE STILL HAVENT
(37:59 / Allies) BECKUP: MAKE BIRDS??
(38:00 / Allies) MAN-OF-THEMOON: he sucks he just has towers
(38:06 / Allies) BECKUP: PURPLE IS 20K GOLD
(38:11 / Allies) MAN-OF-THEMOON: how u know
(38:13 / Allies) BECKUP: MASSIN TANKS PROBABLY =D
(38:21 / Allies) BECKUP: ITS INTUITIVE
(38:26 / Allies) BECKUP: HE HAS LIKE 4 MINES
(38:27 / Allies) MAN-OF-THEMOON: or maphack?
(38:30 / Allies) BECKUP: WAS 15K GOLD
(38:33 / Allies) BECKUP: NO I DONT HACK
(38:44 / Allies) BECKUP: IM 12 YEAR WC3 GAMER
(38:47 / Allies) BECKUP: AND STILL NOOB
(38:49 / Allies) BECKUP: JTSU 4 FUN
(38:50 / Allies) MAN-OF-THEMOON: i see
(39:05 / Allies) BECKUP: LOL
(39:11 / All) MAN-OF-THEMOON: u going down purple
(39:28 / All) MAN-OF-THEMOON: down like sarah jessica goes down on ferris bueler
(40:17 / Allies) BECKUP: OJ
(40:19 / Allies) BECKUP: U REALIZE
(40:20 / Allies) toncolon: yeap
(40:24 / Allies) BECKUP: U GOT 2 OTHER FIENDS
(40:26 / Allies) BECKUP: IN HIS BASE
(40:29 / Allies) toncolon: yeap lol
(40:49 / Allies) BECKUP: LOL
(41:11 / Allies) BECKUP: LOLOLLOPL
(41:22 / All) MAN-OF-THEMOON: fucking hacker
(41:24 / Allies) BECKUP: I TOLD YA
(41:26 / Allies) BECKUP: WE DIDNT WIN
(41:33 / Allies) MAN-OF-THEMOON: we got this i have 5k gold
(41:35 / Allies) MAN-OF-THEMOON: he sucks
(41:42 / Allies) toncolon: just make a few tanks
(41:42 / Allies) BECKUP: HES 20K
(41:45 / Allies) BECKUP: =DDD
(41:57 / Allies) BECKUP: HE DOESNT NO HWO TO MAEK TANKS =DDDDDD
(42:17 / Allies) BECKUP: HE MH =DDDD
(42:25 / Allies) MAN-OF-THEMOON: where is his army
(42:43 / Allies) toncolon: there :X
(42:45 / Allies) toncolon: go to towesss
(42:55 / Allies) BECKUP: LOL
(43:01 / Allies) BECKUP: LOLOLOLOLOLOLOLOLOLOLOLOLLOLOLOLLOLOLOLOL
(43:21 / All) MAN-OF-THEMOON: u mh purp?
(43:24 / All) MAN-OF-THEMOON: how u know i was there
(44:36 / Allies) BECKUP: LOLOLOLOLOLOLOLO
(44:48 / Allies) MAN-OF-THEMOON: how did i lose thta
(44:50 / Allies) MAN-OF-THEMOON: i had a lvl 10 mk
(44:57 / Allies) BECKUP: U DONT KNOW HOW TO MAKE TANKS
(45:00 / Allies) BECKUP: JUST LIKE THAT
(45:02 / Allies) BECKUP: =DDDDDD
(45:22 / Allies) MAN-OF-THEMOON: we can kill their base we can still wintho
(45:34 / Allies) BECKUP: WE CANT =DDDDDD
(45:48 / Allies) MAN-OF-THEMOON: wut happened or guys bases
(45:51 / Allies) MAN-OF-THEMOON: i didnt see wut happened
(45:57 / Allies) BECKUP: LOLOLOLOLOL
(46:00 / Allies) BECKUP: I ASKED FOR ALL TP
(46:03 / Allies) BECKUP: 1000000TIMES
(46:05 / Allies) BECKUP: NO ONE TPED
(46:06 / Allies) BECKUP: TO ME
(46:08 / Allies) BECKUP: =DDDD
(46:15 / Allies) MAN-OF-THEMOON: oh
(46:18 / Allies) MAN-OF-THEMOON: i did not know they hit u
(46:30 / Allies) BECKUP: LOLOLOLO,LOOLOLOLOLOLOLOLOLLOLOLOLOLOLOLOLOLOLOLLOL
(46:36 / Allies) BECKUP: U R THE FUNNIEST MAN
(47:40 / Allies) BECKUP: LOLOOLOLOOLOLOLOLOLOL
(47:46 / Allies) BECKUP: U LOST A MK LVL10
(47:50 / Allies) BECKUP: KINDA HARD TO DO IT
(47:50 / All) MAN-OF-THEMOON: i think u rhacking
(48:01 / All) MAN-OF-THEMOON: r u mh purp
(48:02 / All) Krank: it's called newbie hack
(48:07 / All) Krank: I hacked your mind and made you a noob
(49:10 / All) MAN-OF-THEMOON: who do u think is best player me orange or blue
(49:17 / All) Krank: N/A
(49:20 / All) Krank: All scrubs
(49:25 / All) BECKUP: X1
(49:28 / All) BECKUP: STATS KRANK
(49:30 / All) MAN-OF-THEMOON: i dun like being called a scrub
(49:34 / All) Krank: I have more talent in my pinkie than you all have combined
(49:42 / All) Krank: 1-0 soon to be
(49:44 / All) Krank: undefeated
(50:37 / All) Krank: I'd rank 1) Green, 2) orange 3) blue